 Dungeon Crawl Stone Soup version 0.28.0-45-g0d030f2227 (webtiles) character file.

Game seed: 7611613186623268643

1845 Naeght the Spear-Bearer (level 9, -1/102 HPs)
             Began as a Merfolk Gladiator on Apr 21, 2022.
             Was a Believer of the Shining One.
             Slain by an orc
             ... wielding a +1 vorpal hand axe
              (3 damage)
             ... on level 6 of the Dungeon.
             The game lasted 00:16:25 (8347 turns).

Naeght the Spear-Bearer (Merfolk Gladiator)         Turns: 8347, Time: 00:16:25

Health: -1/102     AC:  6    Str: 16    XL:     9   Next: 12%
Magic:  0/10       EV: 14    Int: 10    God:    the Shining One [**....]
Gold:   70         SH:  0    Dex: 15    Spells: 8/9 levels left

rFire   . . .      SeeInvis .   a - +0 trident
rCold   . . .      Faith    .   (no shield)
rNeg    + . .      Spirit   +   b - +0 leather armour
rPois   .          Reflect  .   c - +0 helmet
rElec   .          Harm     .   p - +1 cloak
rCorr   .          Rampage  .   (no gloves)
Will    +....                   (no boots)
Stlth   ..........              G - amulet of guardian spirit
HPRegen 0.27/turn               e - ring of willpower
MPRegen 0.12/turn               (no ring)

@: berserking, glowing, very quick
A: (nimble swimmer 2), mertail
a: Renounce Religion, Divine Shield


You were on level 6 of the Dungeon.
You worshipped the Shining One.
The Shining One was pleased with you.
You visited 2 branches of the dungeon, and saw 8 of its levels.
You also visited: Sewer.

You collected 273 gold pieces.
You spent 203 gold pieces at shops.

Inventory:

Hand Weapons
 a - a +0 trident (weapon)
 g - a +1 hunting sling of freezing
Missiles
 d - 2 throwing nets (quivered)
 h - 156 stones
 F - 45 sling bullets
Armour
 b - a +0 leather armour (worn)
 c - a +0 helmet (worn)
 p - a +1 cloak (worn)
Jewellery
 e - a ring of willpower (left hand)
 C - a ring of fire
 G - an amulet of guardian spirit (around neck)
Wands
 k - a wand of paralysis (10)
 s - a wand of iceblast (8)
 E - a wand of charming (5)
 H - a wand of polymorph (11)
Scrolls
 l - 4 scrolls of teleportation {unknown}
 m - 7 scrolls of identify
 n - a scroll of enchant weapon {unknown}
 o - a scroll of vulnerability {unknown}
 r - a scroll of brand weapon {unknown}
 t - a scroll of blinking
 w - a scroll of noise {unknown}
 y - a scroll of fear {unknown}
 D - a scroll of summoning {unknown}
 I - a scroll of immolation {unknown}
 J - a scroll of holy word {unknown}
Potions
 f - a potion of invisibility {unknown}
 j - 5 potions of degeneration {unknown}
 q - 3 potions of resistance {unknown}
 u - a potion of heal wounds {unknown}
 v - a potion of flight {unknown}
 x - 5 potions of curing {unknown}
 z - a potion of magic {unknown}
 A - a potion of haste {unknown}
 B - a potion of lignification {unknown}


   Skills:
 * Level 5.5 Fighting
 - Level 14.0 Polearms
 - Level 2.0 Throwing
 * Level 6.7 Dodging
 + Level 0.8 Spellcasting
 + Level 1.0 Hexes


You had 8 spell levels left.
You knew the following spells:

 Your Spells              Type           Power      Damage    Failure   Level
a - Slow                  Hex            8%         N/A       28%         1

Your spell library contained the following spells:

 Spells                   Type           Power      Damage    Failure   Level
 Confusing Touch          Hex            2%         N/A       65%         3
 Gell's Gravitas          Tloc           0%         N/A       78%         3
 Teleport Other           Tloc           0%         N/A       78%         3
 Vampiric Draining        Necr           0%         2d6       78%         3
 Dispersal                Tloc           0%         N/A       100%        6


Dungeon Overview and Level Annotations

Branches:
Dungeon (7/15)             Temple (1/1) D:4           Sewer (visited)

Altars:
Cheibriados
Dithmenos
Elyvilon
Fedhas
Gozag
Hepliaklqana
Kikubaaqudgha
Makhleb
Nemelex Xobeh
Okawaru
Qazlal
Ru
Sif Muna
Uskayaw
Vehumet
Wu Jian
Xom
Zin
The Shining One

Shops:
D:1 [   D:2 *   D:4 *

Annotations:
D:7 Prince Ribbit


Innate Abilities, Weirdness & Mutations

((You are very nimble when in or above water. (Stealth+, EV+, Speed+++)))
Your lower body shifts to a powerful aquatic tail in water.


Message History

The orc warrior burns you.
You climb downwards.
Level annotation: Prince Ribbit
There is a stone staircase leading up here.
You hit the orc warrior but do no damage.
You hit the orc warrior.
The orc warrior is lightly wounded.
The orc warrior hits you with a +2 war axe of flaming!
* * * LOW HITPOINT WARNING * * *
The orc warrior burns you.
* * * LOW HITPOINT WARNING * * *
You puncture the orc warrior!
The orc warrior is heavily wounded.
Prince Ribbit lets out a mournful croak.
You hit the orc warrior but do no damage.
The orc warrior is heavily wounded.
The orc warrior barely misses you.
An orc priest comes into view. It is wielding a +0 hand axe.
You puncture the orc warrior!
The orc warrior is almost dead.
The orc warrior hits you but does no damage.
You hit the orc warrior but do no damage.
The orc warrior is almost dead.
Prince Ribbit blinks!
Unknown command.
You hit the orc warrior.
You kill the orc warrior!
Prince Ribbit blinks!
Training target 14.0 for Polearms reached!
Your Polearms skill increases to level 14!
Your Hexes skill increases to level 1!
The orc priest miscasts a cantrip.
You climb upwards.
The orc hits you with a +1 vorpal hand axe.
* * * LOW HITPOINT WARNING * * *
x2
There is a stone staircase leading down, spattered with blood here.
A red film seems to cover your vision as you go berserk!
You feel yourself moving faster!
You feel mighty!
The orc hits you with a +1 vorpal hand axe.
You die...

"...##.######...≈≈≈≈≈..## #.#
....##.......#..≈≈♣≈≈...# #.#
....########.#..≈≈≈≈≈...# #.#
############.#...≈≈≈....# #.#
...........#.#........#.###.#
##########.#.##.........#...#
.# #..............#.### .#
#########......##....#.# .#
#............@o......#.# .#
#.##.....######.#....#.# .#
#.#.......).oo..#....#.#
####.#......########....#.#
...#.#....................#
##.#.#...............##.###
.#.#.#.#..................#
.#.......#####..........#.#
.#........................#


You could see an orc.

Vanquished Creatures
  2 orc warriors
  A necrophage (D:6)
  A centaur (D:6)
  3 ogres
  A phantom (D:3)
  A bullfrog (D:6)
  3 scorpions (D:6)
  A wyvern skeleton (D:6)
  A howler monkey (D:5)
  A centaur skeleton (D:7)
  4 hounds
  4 orc priests
  4 bullfrog skeletons
  2 orc wizards
  5 iguanas
  A scorpion zombie (D:5)
  A killer bee zombie (D:6)
  3 gnolls (D:5)
  A howler monkey skeleton (D:4)
  5 adders
  2 river rats (Sewer)
  A white imp (D:6)
  2 ufetubi (D:5)
  An adder skeleton (D:4)
  2 worms
  A dart slug (D:2)
  12 orcs
  5 bats
  5 endoplasms
  5 giant cockroaches
  13 goblins
  7 hobgoblins
  5 kobolds
  3 quokkas
  14 ball pythons
  11 frilled lizards
  21 rats
155 creatures vanquished.

Vanquished Creatures (others)
  A scorpion (D:6)
1 creature vanquished.

Grand Total: 156 creatures vanquished

Notes
Turn   | Place    | Note
-------+----------+-------------------------------------------
     0 | D:1      | Naeght the Merfolk Gladiator began the quest for the Orb.
     0 | D:1      | Reached XP level 1. HP: 16/16 MP: 1/1
   123 | D:1      | Reached skill level 5 in Polearms
   123 | D:1      | Reached XP level 2. HP: 20/22 MP: 2/2
   313 | D:1      | Found Zaikekoa's Antique Armour Emporium.
   710 | D:1      | Reached XP level 3. HP: 28/28 MP: 3/3
  1052 | D:1      | Found a faded altar of an unknown god.
  1252 | D:2      | Reached skill level 6 in Polearms
  1289 | D:2      | Reached XP level 4. HP: 33/34 MP: 4/4
  1295 | D:2      | Found Ceiduj's General Store.
  1321 | D:2      | Bought a potion of berserk rage for 70 gold pieces
  2221 | D:3      | Reached skill level 7 in Polearms
  2253 | D:3      | Reached XP level 5. HP: 17/39 MP: 5/5
  2616 | D:3      | Noticed a phantom
  2642 | D:3      | Killed a phantom
  2643 | D:3      | Reached skill level 8 in Polearms
  2754 | D:3      | Reached XP level 6. HP: 29/47 MP: 6/6
  3261 | D:4      | Found a blossoming altar of Fedhas.
  3304 | D:4      | Reached skill level 9 in Polearms
  3991 | D:4      | Found a staircase to the Ecumenical Temple.
  4071 | Temple   | Entered the Ecumenical Temple
  4261 | Temple   | Became a worshipper of the Shining One
  4310 | D:4      | Found Jiblilet's Assorted Antiques.
  4399 | D:4      | Reached skill level 5 in Dodging
  4639 | D:2      | Bought a scroll of blinking for 105 gold pieces
  4676 | D:5      | Entered Level 5 of the Dungeon
  4724 | D:5      | Reached XP level 7. HP: 44/52 MP: 7/7
  4807 | D:5      | Reached skill level 10 in Polearms
  4825 | D:5      | Found a glowing drain.
  4844 | Sewer    | Entered a sewer
  5415 | D:5      | Reached * piety under the Shining One
  5639 | D:5      | Reached skill level 11 in Polearms
  5941 | D:5      | Found an ornate altar of the Wu Jian Council.
  6304 | D:2      | Bought a scroll of identify for 28 gold pieces
  6632 | D:6      | Reached XP level 8. HP: 36/59 MP: 8/8
  6680 | D:6      | Reached skill level 12 in Polearms
  6788 | D:6      | Found a white marble altar of Elyvilon.
  7235 | D:6      | Learned a level 1 spell: Slow
  7281 | D:6      | Found a white marble altar of Elyvilon.
  7308 | D:6      | Reached skill level 13 in Polearms
  7819 | D:6      | Reached skill level 5 in Fighting
  8253 | D:7      | Reached XP level 9. HP: 63/68 MP: 9/9
  8278 | D:7      | Reached ** piety under the Shining One
  8286 | D:7      | Noticed Prince Ribbit
  8345 | D:7      | Reached skill level 14 in Polearms
  8345 | D:7      | Reached skill level 1 in Hexes
  8346 | D:6      | HP: 2/68 [orc/+1 vorpal hand axe (5)]
  8347 | D:6      | Slain by an orc

Illustrated notes

Levels and vault maps discovered:
D:1:      dpeg_arrival_shelter, layout_loops_corners,
          shapermc_ecumenical_altar_hornbeckon, serial_shops, shop
D:2:      layout_loops_ring, serial_shops, shop_fountains
D:3:      layout_loops_ring, minmay_misc_feat_room, kennysheep_doodads,
          serial_bayou_crossing
D:4:      layout_rooms, fedhas_altar_1, minmay_temple_entry_wispy, serial_shops,
          shop
D:5:      layout_basic, mainiacjoe_overflow_six_doors_small,
          cheibrodos_sewer_entry_drain, grunt_ministairs_4, chequers_jeans
D:6:      layout_basic, elyvilon_altar_3, kennysheep_small_circle
D:7:      layout_rooms, serial_shops, shop, shop_statue,
          amcnicky_altar_lugonu_corruption, uniq_prince_ribbit1
Temple:   bh_familiar_temple

Skill      XL: |  1  2  3  4  5  6  7  8  9 |
---------------+----------------------------+-----
Polearms       | 5 6 7 8 9 11 13 14 | 14.0
Fighting       | 3 4 5 |  5.5
Dodging        | 5 6 |  6.7
Hexes          | 1 |  1.0
Throwing       | |  2.0
Spellcasting   | |  0.8

Action                   |  1- 3 |  4- 6 |  7- 9 || total
-------------------------+-------+-------+-------++-------
Melee: Trident           |    91 |   226 |   277 ||   594
       Punch             |     2 |     2 |     7 ||    11
       Tailslap          |       |     1 |     5 ||     6
Throw: Throwing net      |       |       |     1 ||     1
Evoke: Wand              |       |       |     2 ||     2
  Use: Potion            |       |     1 |     1 ||     2
 Stab: Sleeping          |     6 |     1 |       ||     7
       Distracted        |       |     1 |       ||     1
Armor: Leather armour    |    20 |    49 |    36 ||   105
Dodge: Dodged            |    48 |   118 |   121 ||   287
